General information
- name: BNet
- type: Ladder 1vs1/FFA
- host: Battle.net
- saver: ZombieMachoMan
map: TurtleRock
- players: 2
- length: 23:40
- speed: Fast
- version: 1.26 W3XP
- replay type: Public
» download(75 KB)
Players
team 1 (loser)
matsalest (
blue | 59 APM | 1389 actions | 23:39)
3 Blademaster
2 Critical Strike
1 Wind Walk
3 Shadow Hunter
1 Hex
2 Healing Wave
» actions
| Build / train | 71 | |
| Enter build submenu | 16 | |
| Enter hero's abilities submenu | 6 | |
| Give item / drop item | 2 | |
| Remove unit from queue | 2 | |
| Right click | 908 | |
| Select / deselect | 303 | |
| Use ability | 80 | |
1389 total
» units
| Peon | 13 | |
| Grunt | 7 | |
| Spirit Walker | 1 | |
| Shaman | 3 | |
| Wind Rider | 3 | |
| Troll Headhunter/Berserker | 9 | |
| Troll Batrider | 2 | |
| Tauren | 3 | |
| Kodo Beast | 1 | |
42 total
» upgrades
| Berserker Strength | 1 | |
| Melee Weapons | 1 | |
| Shaman Training | 2 | |
| Spirit Walker Training | 2 | |
| Berserker Upgrade | 1 | |
| Envenomed Spears | 1 | |
8 total
» buildings
| Altar of Storms | 1 | |
| Orc Burrow | 5 | |
| Barracks | 1 | |
| Voodoo Lounge | 1 | |
| Stronghold | 1 | |
| War Mill | 1 | |
| Spirit Lodge | 1 | |
| Watch Tower | 4 | |
| Beastiary | 1 | |
| Fortress | 1 | |
| Tauren Totem | 1 | |
18 total
» build order
00:07 Altar of Storms
00:20 Orc Burrow
00:37 Barracks
01:24 Voodoo Lounge
01:49 Orc Burrow
02:34 Orc Burrow
03:37 Stronghold
03:59 War Mill
04:43 Orc Burrow
06:13 Spirit Lodge
06:17 Watch Tower
06:28 Watch Tower
07:07 Beastiary
07:15 Watch Tower
09:25 Fortress
14:34 Tauren Totem
18:20 Watch Tower
18:30 Orc Burrow
» items
| Healing Salve | 3 | |
| Lesser Clarity Potion | 1 | |
| Boots of Speed | 1 | |
| Potion of Lesser Invulnerability | 1 | |
| Orb of Lightning | 1 | |
| Potion of Healing | 1 | |
8 total
team 2 (winner)
ZombieMachoMan (
green | 73 APM | 1739 actions | 23:40)
6 Mountain King
3 Storm Bolt
2 Bash
1 Avatar
4 Paladin
2 Holy Light
2 Divine Shield
3 Goblin Alchemist
2 Acid Bomb
1 Chemical Rage
» actions
| Assign group hotkey | 41 | |
| Basic commands | 160 | |
| Build / train | 130 | |
| ESC pressed | 2 | |
| Enter build submenu | 44 | |
| Enter hero's abilities submenu | 14 | |
| Give item / drop item | 9 | |
| Right click | 612 | |
| Select / deselect | 400 | |
| Select group hotkey | 157 | |
| Use ability | 170 | |
1739 total
» units
| Peasant | 28 | |
| Footman | 12 | |
| Rifleman | 4 | |
| Knight | 1 | |
45 total
» upgrades
| Defend | 1 | |
| Masonry | 2 | |
| Gunpowder | 2 | |
| Armor | 1 | |
| Swords | 3 | |
| Plating | 4 | |
| Lumber Harvesting | 1 | |
| Animal War Training | 1 | |
| Magic Sentry | 1 | |
16 total
» buildings
| Barracks | 1 | |
| Altar of Kings | 1 | |
| Farm | 9 | |
| Scout Tower | 28 | |
| Arcane Tower | 3 | |
| Arcane Vault | 2 | |
| Lumber Mill | 1 | |
| Guard Tower | 12 | |
| Town Hall | 2 | |
| Keep | 1 | |
| Blacksmith | 2 | |
| Castle | 1 | |
| Arcane Sanctum | 1 | |
| Gryphon Aviary | 5 | |
69 total
» build order
00:04 Barracks
00:24 Altar of Kings
00:41 Farm
01:01 Farm
01:39 Scout Tower
02:10 Arcane Tower
02:21 Farm
02:40 Farm
03:15 Arcane Vault
03:50 Lumber Mill
03:53 Scout Tower
04:22 Scout Tower
04:23 Scout Tower
04:23 Scout Tower
04:24 Scout Tower
04:52 Arcane Tower
05:26 Guard Tower
05:38 Farm
05:51 Guard Tower
06:40 Town Hall
06:58 Arcane Vault
07:05 Scout Tower
07:06 Scout Tower
07:08 Scout Tower
07:08 Scout Tower
07:10 Scout Tower
07:11 Scout Tower
07:32 Scout Tower
07:36 Scout Tower
07:40 Arcane Tower
07:55 Guard Tower
08:04 Guard Tower
08:05 Guard Tower
08:05 Guard Tower
08:06 Guard Tower
08:06 Guard Tower
09:06 Keep
09:08 Scout Tower
09:09 Scout Tower
09:45 Guard Tower
09:49 Blacksmith
09:51 Blacksmith
10:37 Guard Tower
12:15 Castle
13:07 Arcane Sanctum
14:16 Gryphon Aviary
15:15 Scout Tower
15:16 Scout Tower
15:16 Scout Tower
17:38 Gryphon Aviary
17:39 Gryphon Aviary
17:41 Gryphon Aviary
17:42 Gryphon Aviary
17:45 Scout Tower
17:45 Scout Tower
18:13 Scout Tower
18:14 Scout Tower
18:15 Scout Tower
18:16 Guard Tower
19:15 Farm
19:16 Farm
19:17 Farm
19:18 Farm
19:47 Scout Tower
19:47 Scout Tower
19:49 Guard Tower
20:26 Scout Tower
20:26 Scout Tower
23:27 Town Hall
» items
| Dust of Appearance | 2 | |
| Scroll of Regeneration | 5 | |
| Lesser Clarity Potion | 8 | |
| Mechanical Critter | 2 | |
| Boots of Speed | 2 | |
| Periapt of Vitality | 1 | |
| Scroll of Town Portal | 3 | |
| Potion of Healing | 4 | |
| Staff of Sanctuary | 2 | |
| Orb of Fire | 2 | |
| Potion of Mana | 1 | |
32 total
Chat log
(00:05 / All) ZombieMachoMan: hi baby
(00:08 / All) ZombieMachoMan: i missed you :)
(00:14 / All) matsalest: fuck you
(00:17 / All) ZombieMachoMan: LOL
(00:47 / All) ZombieMachoMan: so youre still mad then?
(00:57 / All) matsalest: no
(00:59 / All) ZombieMachoMan: its only a game :D dont take losing so hard
(03:09 / All) ZombieMachoMan: nice.
(03:36 / All) ZombieMachoMan: if you want to throw away 350 gold there are better ways
(09:02 / All) ZombieMachoMan: lol, cookie cutter
(11:30 / All) ZombieMachoMan: LOL
(11:47 / All) ZombieMachoMan: so easy
(12:11 / All) ZombieMachoMan: yawn
(15:11 / All) ZombieMachoMan: lol batriders
(15:42 / All) ZombieMachoMan: LOL
(15:55 / All) ZombieMachoMan: wow
(15:56 / All) ZombieMachoMan: wow
(15:57 / All) ZombieMachoMan: wow
(16:19 / All) ZombieMachoMan: do you try to be this bad?
(16:36 / All) matsalest: youre a fatty
(16:44 / All) ZombieMachoMan: tell yourself whatever you need to
(18:57 / All) ZombieMachoMan: hey
(18:58 / All) ZombieMachoMan: hey
(19:02 / All) ZombieMachoMan: YOUR GOLD MINE IS RUNNING LOW
(19:36 / All) ZombieMachoMan: NO.
(23:35 / All) matsalest: SORRY NEED TO GO SEE YOU MOM
(23:37 / All) ZombieMachoMan: LOL
(23:39 / All) ZombieMachoMan: face saving